 Dungeon Crawl Stone Soup version 0.22-a0-525-gf69a080 (webtiles) character file.

79 kae the Insei (level 4, 0/32 HPs)
             Began as a Demonspawn Transmuter on June 21, 2018.
             Succumbed to an adder's poison
             ... on level 2 of the Dungeon.
             The game lasted 00:01:37 (1820 turns).

kae the Insei (Demonspawn Transmuter)               Turns: 1820, Time: 00:01:38

Health: 0/32       AC:  5    Str: 11    XL:     4   Next: 16%
Magic:  0/7        EV: 12    Int: 14    God:
Gold:   24         SH:  0    Dex: 14    Spells: 6/7 levels left

rFire    . . .     SeeInvis .   h - +0 club
rCold    . . .     Gourm    .   (no shield)
rNeg     . . .     Faith    .   b - +0 robe
rPois    .         Spirit   +   (helmet restricted)
rElec    .         Reflect  .   (no cloak)
rCorr    .         Harm     .   c - +0 pair of gloves
MR       .....                  (boots currently unavailable)
Stlth    +.........             f - amulet of guardian spirit
HPRegen  0.10/turn              (no ring)
MPRegen  0.10/turn              (no ring)

@: lethally poisoned (0 -> -3), appendage (expiring), flying
A: horns 1, talons 3, slimy green scales 1
a: End Transformation


You were on level 2 of the Dungeon.
You were hungry.
You had grown temporary talons.
You visited 1 branch of the dungeon, and saw 2 of its levels.

You collected 24 gold pieces.

Inventory:

Hand Weapons
 h - a +0 club (weapon)
Missiles
 a - 28 arrows
Armour
 b - a +0 robe (worn)
 c - a +0 pair of gloves (worn)
Jewellery
 f - an amulet of guardian spirit (around neck)
Scrolls
 e - 2 scrolls of teleportation {unknown}
 g - 3 scrolls of identify {unknown}
 j - a scroll of fear {unknown}
 m - a scroll of enchant armour {unknown}
Potions
 k - a potion of heal wounds {unknown}
 l - a potion of curing {unknown}
Comestibles
 d - 5 rations


   Skills:
 + Level 1.6 Fighting
 + Level 2.2 Dodging
 * Level 3.3 Unarmed Combat
 + Level 2.4 Spellcasting
 * Level 2.5 Transmutations


You had 6 spell levels left.
You knew the following spells:

 Your Spells              Type           Power        Failure   Level  Hunger
a - Beastly Appendage     Tmut           #.....       9%          1    #......

Your spell library contained the following spells:

 Spells                   Type           Power        Failure   Level  Hunger
 Spider Form              Tmut/Pois      #.........   38%         3    ###....
 Blade Hands              Tmut           #.........   92%         5    ######.
 Ice Form                 Ice/Tmut       #.......     80%         4    #####..
 Sticks to Snakes         Tmut           #.......     12%         2    ###....


Dungeon Overview and Level Annotations

Branches:
Dungeon (2/15)

Altars:


Innate Abilities, Weirdness & Mutations

You have a pair of small horns on your head.
You are partially covered in slimy green scales. (AC +2)
You have claws for feet.


Message History

You kill the adder!
You feel sick. The hobgoblin hits you with a club!
The hobgoblin hits you with a club.
Found 2 curare-tipped needles.
You see here an adder corpse.
You barely miss the hobgoblin. The hobgoblin hits you with a club.
You hit the hobgoblin but do no damage.
You feel sick. The hobgoblin hits you with a club.
* * * LOW HITPOINT WARNING * * *
The hobgoblin hits you with a club.
* * * LOW HITPOINT WARNING * * *
You hit the hobgoblin but do no damage.
You claw the hobgoblin, but do no damage.
Your headbutt misses the hobgoblin. The hobgoblin hits you with a club.
* * * LOW HITPOINT WARNING * * *
It was a potion of flight.
You feel very buoyant.
You fly up into the air.
Your transformation is almost over.
You die...

.†............##
#############..#
######## ##.## .
#......####.(#### ..
####.####..†......(##...
#....# #######.......#
..#### #####....#.....
.## ####..........##..(
.# ##..........@.....#
## ##..#.#....†.g####.#
####..##...#.#.........
.##.............)######
......#..#..##.###
........##.##..#
....#####..##.##
....#.....##..#
.......#####.##


You could see a hobgoblin.

Vanquished Creatures
  3 adders (D:2)
  3 dart slugs
  2 leopard geckos
  A giant cockroach (D:2)
  5 goblins
  6 hobgoblins
  4 kobolds
  A ball python (D:2)
  10 bats
  4 frilled lizards
  6 rats
45 creatures vanquished.

Notes
Turn   | Place    | Note
-------+----------+-------------------------------------------
     0 | D:1      | kae the Demonspawn Transmuter began the quest for the Orb.
     0 | D:1      | Reached XP level 1. HP: 15/15 MP: 3/3
   205 | D:1      | Gained mutation: You are partially covered in slimy green scales. (AC +2) [demonic ancestry]
   205 | D:1      | Reached XP level 2. HP: 8/21 MP: 3/5
   467 | D:1      | Reached skill level 3 in Unarmed Combat
   786 | D:2      | Gained mutation: You have a pair of small horns on your head. [demonic ancestry]
   786 | D:2      | Reached XP level 3. HP: 19/26 MP: 2/6
  1767 | D:2      | Reached XP level 4. HP: 25/32 MP: 5/7
  1819 | D:2      | HP: 1/32 [hobgoblin/club (2)]
  1820 | D:2      | Succumbed to an adder's poison

Vault maps used:
D:1:      evilmike_arrival_fibonacci_small
D:2:      first_ration, serial_bayou, serial_bayou_pond_b,
          serial_bayou_lagoon_a, serial_bayou_lagoon_b, serial_bayou_pond_e

Skill      XL: |  1  2 |
---------------+-------+-----
Transmutations | 2 |  2.5
Dodging        | 2 |  2.2
Unarmed Combat | 3 |  3.3
Fighting       | |  1.6
Spellcasting   | |  2.4

Action                   |  1- 3 |  4- 6 || total
-------------------------+-------+-------++-------
Melee: Unarmed           |    56 |       ||    56
       Kick              |    13 |     2 ||    15
       Club              |    92 |    14 ||   106
       Headbutt          |    13 |     2 ||    15
       Punch             |     1 |       ||     1
 Cast: Beastly Appendage |    19 |     1 ||    20
  Use: Potion            |       |     1 ||     1
 Stab: Sleeping          |     1 |       ||     1
  Eat: Chunk             |     3 |       ||     3
Armor: Robe              |    58 |     3 ||    61
Dodge: Dodged            |   141 |    12 ||   153

Table legend:
 A = Spawn XP
 B = Non-spawn XP
 C = Spawn XP percentage of total XP
 D = Spawn monster count
 E = Non-spawn monster count
 F = Spawn count percentage of total count
 G = Total turns spent on level
                    A         B        C        D         E        F      G
               +---------+---------+-------+---------+---------+-------+---------
         Total |       0 |     113 |   0.0 |       0 |      45 |   0.0 |  1820
               +---------+---------+-------+---------+---------+-------+---------
           D:1 |       0 |      38 |   0.0 |       0 |      21 |   0.0 |  1014
           D:2 |       0 |      75 |   0.0 |       0 |      24 |   0.0 |   806
               +---------+---------+-------+---------+---------+-------+---------
